 Dungeon Crawl Stone Soup version 0.29.0-4-gdea44cf6ec (webtiles) character file.

Game seed: 10595234895520796723

905 qw the Cleaver (level 8, -7/62 HPs)
             Began as a Barachi Chaos Knight on Sept 4, 2022.
             Mangled by a sun demon (11 damage)
             ... summoned by Xom
             ... on level 5 of the Dungeon.
             The game lasted 00:02:21 (5764 turns).

qw the Cleaver (Barachi Chaos Knight)               Turns: 5764, Time: 00:02:21

Health: -7/62      AC: 18    Str: 15    XL:     8   Next: 8%
Magic:  8/8        EV:  0    Int: 13    God:
Gold:   95         SH:  0    Dex: 12    Spells: 7/7 levels left

rFire   . . .      SeeInvis .   Y - +0 war axe (freeze)
rCold   . . .      Faith    .   (no shield)
rNeg    . . .      Spirit   .   o - +0 crystal plate armour
rPois   .          Reflect  .   (helmet restricted)
rElec   .          Harm     .   k - +0 cloak
rCorr   .          Rampage  .   (no gloves)
Will    .....                   (no boots)
Stlth   ..........              (no amulet)
HPRegen 0.20/turn               (no ring)
MPRegen 0.11/turn               (no ring)

@: slow
A: amphibious, slowness 1, strong legs 1, +LOS, horns 1, mutation resistance 1,
MP-powered wands
a: Hop


You were on level 5 of the Dungeon.
You visited 1 branch of the dungeon, and saw 5 of its levels.

You collected 179 gold pieces.
You spent 84 gold pieces at shops.


Innate Abilities, Weirdness & Mutations

You are amphibious.
You cover ground slowly.
You can hop short distances.
You have an extended range of vision and can be seen from far away.
You have a pair of small horns on your head.
You are somewhat resistant to further mutation.
You expend magic power (3 MP) to strengthen your wands.


   Skills:
 - Level 5.2 Fighting
 - Level 9.0 Axes
 - Level 1.1 Throwing
 + Level 4.5 Armour
 - Level 1.1 Dodging


You had 7 spell levels left.
You didn't know any spells.
Your spell library was empty.

Inventory:

Hand Weapons
 i - a +0 flail
 Y - a +0 war axe of freezing (weapon)
Missiles
 b - 2 boomerangs (quivered)
Armour
 k - a +0 cloak (worn)
 o - a +0 crystal plate armour (worn)
Potions
 a - a potion of invisibility {unknown}
 d - a potion of attraction {unknown}
 e - 3 potions of curing
 f - a potion of brilliance {unknown}
 g - a potion of mutation {unknown}
 h - a potion of berserk rage {unknown}
 j - a potion of magic {unknown}
 n - a potion of heal wounds {unknown}
Miscellaneous
 c - a piece from Xom's chessboard (15/15)

Dungeon Overview and Level Annotations

Branches:
Dungeon (5/15)
 Temple: D:4-7

Altars:
Cheibriados
Elyvilon
Nemelex Xobeh
Xom

Shops:
D:4 !

Annotations:
D:2 1 runed translucent door, Crazy Yiuf
D:4 3 runed translucent doors, qw's ghost, amateur GrFi


Message History

You feel sick. The adder bites you but does no damage.
Your Armour skill increases to level 4!
You have reached level 8!
You feel agile.
You completely miss the adder. You headbutt the adder.
The adder is almost dead.
You feel sick.
The adder bites you but does no damage. x2
You closely miss the adder.
The adder is almost dead.
You feel sick. The adder completely misses you.
You closely miss the adder.
The adder is almost dead.
You feel sick.
You are no longer poisoned.
The adder bites you but does no damage. x2
You closely miss the adder. You headbutt the adder.
The adder is almost dead.
The adder bites you.
You slash the adder!
The adder seems to slow down.
You freeze the adder.
You kill the adder!
Your life force feels restored.
You start resting.
A dart slug comes into view.
5710 ||| Stepping ~*~*~tactically~*~*~ (stealth).
You start resting.
You hear Xom's maniacal laughter.
A shadow imp comes into view.
You hit the sun demon but do no damage. You barely miss the hellwing.
You barely miss the iron imp. You closely miss the sun demon.
Your headbutt misses the sun demon. You hit the iron imp but do no damage.
You hit the hellwing but do no damage. The sun demon hits you!
You are engulfed in flames!!
You closely miss the sun demon. Your headbutt misses the sun demon.
You hit the iron imp but do no damage. You barely miss the sun demon.
The iron imp hits you but does no damage.
The sun demon hits you but does no damage.
You hit the sun demon. You freeze the sun demon.
The sun demon is lightly wounded.
You hit the sun demon. You freeze the sun demon. You hit the iron imp.
The sun demon hits you!
You are engulfed in flames!
You die...

...... #.# #.w.... #.#
#.#.... #.# #.#.... #.#
#.#.... #.# #.#.... #.#
#.#..[. #.# #.#...5####.#
#.# #.53@##.#
#######.######534.#######
#...........####5.........
#...........# #..........
+........<..# #....[.....
#...........# #....(.....
#########'### ##.##..####
#.# #.# #.# #.# #.. ...


You could see 2 sun demons, a hellwing (summoned), an iron imp (summoned), 2
crimson imps and a shadow imp (summoned).

Vanquished Creatures
  A kobold brigand (D:4)
  4 scorpions
  3 howler monkeys (D:4)
  2 hounds (D:4)
  An orc priest (D:4)
  Natasha (thrice) (D:2)
  An iguana (D:4)
  13 gnolls
  4 adders
  3 dart slugs
  18 orcs
  11 ball pythons
  A bat (D:1)
  4 endoplasms
  2 giant cockroaches (D:1)
  6 goblins
  7 hobgoblins
  20 jackals
  3 quokkas
  4 frilled lizards
  5 kobolds
  4 rats
120 creatures vanquished.

Vanquished Creatures (others)
  6 fungi
  3 plants (D:4)
9 creatures vanquished.

Grand Total: 129 creatures vanquished

Notes
Turn   | Place    | Note
-------+----------+-------------------------------------------
     0 | D:1      | qw the Barachi Chaos Knight began the quest for the Orb.
     0 | D:1      | Reached XP level 1. HP: 18/18 MP: 1/1
     0 | D:1      | 0 ||| qw: Version: 0.1-a-102-g441f92d
     0 | D:1      | 0 ||| qw: Game counter: 5358
     0 | D:1      | 0 ||| qw: Always use a shield: true
     0 | D:1      | 0 ||| qw: God list: Okawaru
     0 | D:1      | 0 ||| qw: Allow faded altars: false
     0 | D:1      | 0 ||| qw: Do Orc after D:15 true
     0 | D:1      | 0 ||| qw: Do second Lair branch before Depths: true
     0 | D:1      | 0 ||| qw: Lair rune preference: random
     0 | D:1      | 0 ||| qw: Plans: Normal
     0 | D:1      | 0 ||| PLANNING D:1-11
     0 | D:1      | Fell from the grace of Xom
   112 | D:1      | 112 ||| Stepping ~*~*~tactically~*~*~ (stealth).
   113 | D:1      | 113 ||| Stepping ~*~*~tactically~*~*~ (hiding).
   114 | D:1      | 114 ||| Stepping ~*~*~tactically~*~*~ (hiding).
   116 | D:1      | 116 ||| Stepping ~*~*~tactically~*~*~ (hiding).
   119 | D:1      | Reached XP level 2. HP: 22/24 MP: 2/2
   126 | D:1      | Reached skill level 4 in Axes
   311 | D:1      | 311 ||| SWAPPING to +0 war axe.
   312 | D:1      | 312 ||| DROPPING +0 hand axe of chaos.
   377 | D:1      | 377 ||| Stepping ~*~*~tactically~*~*~ (stealth).
   436 | D:1      | XOM: polymorph jackal -> gnoll
   444 | D:1      | Reached XP level 3. HP: 19/29 MP: 3/3
   569 | D:1      | 569 ||| Stepping ~*~*~tactically~*~*~ (stealth).
   570 | D:1      | 570 ||| Stepping ~*~*~tactically~*~*~ (stealth).
   571 | D:1      | 571 ||| Stepping ~*~*~tactically~*~*~ (stealth).
   601 | D:1      | 601 ||| Stepping ~*~*~tactically~*~*~ (hiding).
   623 | D:1      | XOM: stat loss: -1 Int (11/12)
   703 | D:1      | 703 ||| Stepping ~*~*~tactically~*~*~ (hiding).
   882 | D:1      | Found a faded altar of an unknown god.
   980 | D:1      | Reached skill level 5 in Axes
  1129 | D:1      | 1129 ||| READING scroll labelled LUFEOJ BODUQ.
  1134 | D:1      | 1134 ||| READING scroll labelled ZIUB VIFALOM.
  1135 | D:1      | 1135 ||| READING scroll labelled ZIWNURO SOBECW.
  1189 | D:2      | 1189 ||| Stepping ~*~*~tactically~*~*~ (stealth).
  1190 | D:2      | 1190 ||| Stepping ~*~*~tactically~*~*~ (stealth).
  1192 | D:2      | 1192 ||| Stepping ~*~*~tactically~*~*~ (stealth).
  1194 | D:2      | 1194 ||| Stepping ~*~*~tactically~*~*~ (stealth).
  1198 | D:2      | 1198 ||| DROPPING +0 club.
  1252 | D:2      | Reached XP level 4. HP: 34/36 MP: 4/4
  1378 | D:2      | Noticed Natasha
  1384 | D:2      | Killed Natasha
  1579 | D:2      | Identified the +0 chain mail of Eternal Vigilance {Rampage
                  | Will+}
  1649 | D:2      | Identified the +3 ring mail of the Onion {Drain rElec rN+
                  | Regen+}
  1727 | D:2      | Found a runed translucent door.
  1728 | D:2      | Noticed Crazy Yiuf
  1759 | D:2      | Noticed Natasha
  1760 | D:2      | 1760 ||| Stepping ~*~*~tactically~*~*~ (stealth).
  1761 | D:2      | 1761 ||| Stepping ~*~*~tactically~*~*~ (stealth).
  1791 | D:2      | Killed Natasha
  1792 | D:2      | Reached skill level 6 in Axes
  1792 | D:2      | Reached XP level 5. HP: 34/41 MP: 5/5
  1849 | D:2      | XOM: summons 3 hostile shadow creatures
  2117 | D:2      | Noticed Natasha
  2118 | D:2      | 2118 ||| Stepping ~*~*~tactically~*~*~ (hiding).
  2124 | D:2      | Killed Natasha
  2311 | D:2      | 2311 ||| UPGRADING to +0 ring mail.
  2321 | D:2      | 2321 ||| DROPPING +2 leather armour.
  2322 | D:2      | 2322 ||| UPGRADING to +0 helmet.
  2327 | D:2      | 2327 ||| UPGRADING to +0 chain mail of Eternal Vigilance
                  | {Rampage Will+}.
  2337 | D:2      | 2337 ||| DROPPING +0 ring mail.
  2338 | D:2      | 2338 ||| READING scroll labelled ZIRIYRCHOI.
  2339 | D:2      | 2339 ||| READING scroll labelled OXYETYOTWU.
  2340 | D:2      | 2340 ||| DRINKING 2 grey potions.
  2341 | D:2      | 2341 ||| DROPPING potion of degeneration.
  2405 | D:3      | 2405 ||| Stepping ~*~*~tactically~*~*~ (stealth).
  2412 | D:3      | 2412 ||| Stepping ~*~*~tactically~*~*~ (stealth).
  2437 | D:3      | Reached skill level 3 in Armour
  2453 | D:3      | XOM: 2-stop teleportation journey
  2584 | D:3      | 2584 ||| Stepping ~*~*~tactically~*~*~ (stealth).
  2758 | D:3      | 2758 ||| DROPPING +0 whip.
  2847 | D:3      | 2847 ||| Stepping ~*~*~tactically~*~*~ (stealth).
  2924 | D:3      | Found a sparkling altar of Nemelex Xobeh.
  2928 | D:3      | Found a shimmering altar of Xom.
  3024 | D:3      | 3024 ||| READING scroll labelled WALAQU GYGI.
  3068 | D:4      | 3068 ||| Stepping ~*~*~tactically~*~*~ (stealth).
  3074 | D:4      | XOM: summons 1 hostile shadow creature
  3089 | D:4      | 3089 ||| Stepping ~*~*~tactically~*~*~ (stealth).
  3090 | D:4      | 3090 ||| Stepping ~*~*~tactically~*~*~ (stealth).
  3204 | D:4      | 3204 ||| Stepping ~*~*~tactically~*~*~ (stealth).
  3205 | D:4      | 3205 ||| Stepping ~*~*~tactically~*~*~ (stealth).
  3207 | D:4      | 3207 ||| Stepping ~*~*~tactically~*~*~ (stealth).
  3217 | D:4      | Reached XP level 6. HP: 47/48 MP: 6/6
  3226 | D:4      | Found Diosic's Distillery.
  3239 | D:4      | 3239 ||| BUYING 2 potions of curing (84 gold).
  3239 | D:4      | Bought 2 potions of curing for 84 gold pieces
  3239 | D:4      | 3239 ||| SHOPLISTING potion of curing (42 gold, have 25).
  3239 | D:4      | 3239 ||| SHOPLISTING potion of might (56 gold, have 25).
  3271 | D:4      | 3271 ||| Stepping ~*~*~tactically~*~*~ (stealth).
  3284 | D:4      | 3284 ||| Stepping ~*~*~tactically~*~*~ (stealth).
  3292 | D:4      | 3292 ||| Stepping ~*~*~tactically~*~*~ (stealth).
  3304 | D:4      | Reached skill level 7 in Axes
  3304 | D:4      | 3304 ||| FLEEEEING.
  3306 | D:4      | 3306 ||| FLEEEEING.
  3307 | D:4      | 3307 ||| FLEEEEING.
  3308 | D:4      | 3308 ||| FLEEEEING.
  3309 | D:4      | 3309 ||| STAIRDANCE
  3369 | D:4      | XOM: give mutations
  3369 | D:4      | Gained mutation: You have a pair of small horns on your
                  | head. [Xom's grace]
  3369 | D:4      | Gained mutation: You are somewhat resistant to further
                  | mutation. [Xom's grace]
  3369 | D:4      | Gained mutation: You expend magic power (3 MP) to
                  | strengthen your wands. [Xom's grace]
  3370 | D:4      | 3370 ||| STAIRDANCE
  3371 | D:3      | HP: 10/48 [poisoned by a scorpion]
  3376 | D:3      | HP: 6/48 [poisoned by a scorpion]
  3552 | D:3      | XOM: scenery: create altars
  3642 | D:3      | 3642 ||| DROPPING +0 helmet.
  3696 | D:4      | Found a snail-covered altar of Cheibriados.
  3790 | D:4      | 3790 ||| Stepping ~*~*~tactically~*~*~ (stealth).
  3791 | D:4      | 3791 ||| Stepping ~*~*~tactically~*~*~ (stealth).
  3796 | D:4      | 3796 ||| Stepping ~*~*~tactically~*~*~ (stealth).
  3797 | D:4      | 3797 ||| Stepping ~*~*~tactically~*~*~ (stealth).
  3820 | D:4      | Found a runed translucent gate.
  3820 | D:4      | Found a runed translucent gate.
  3820 | D:4      | Found a runed translucent gate.
  3821 | D:4      | Noticed qw's ghost (amateur GrFi)
  4158 | D:4      | Reached skill level 8 in Axes
  4161 | D:4      | Reached XP level 7. HP: 55/55 MP: 7/7
  4177 | D:4      | 4177 ||| Stepping ~*~*~tactically~*~*~ (hiding).
  4294 | D:4      | XOM: draining
  4310 | D:4      | HP: 10/52 [orc priest/+0 hand axe (4)]
  4311 | D:4      | 4311 ||| READING scroll of teleportation.
  4627 | D:4      | Found a white marble altar of Elyvilon.
  4647 | D:4      | XOM: draining
  4692 | D:4      | 4692 ||| Stepping ~*~*~tactically~*~*~ (stealth).
  4696 | D:4      | 4696 ||| FLEEEEING.
  4697 | D:4      | 4697 ||| FLEEEEING.
  4698 | D:4      | 4698 ||| FLEEEEING.
  4699 | D:4      | 4699 ||| FLEEEEING.
  4700 | D:4      | 4700 ||| FLEEEEING.
  4701 | D:4      | 4701 ||| FLEEEEING.
  4702 | D:4      | 4702 ||| FLEEEEING.
  4704 | D:4      | 4704 ||| FLEEEEING.
  4704 | D:4      | HP: 11/44 [poisoned by a kobold brigand]
  4705 | D:4      | 4705 ||| STAIRDANCE
  4706 | D:3      | HP: 5/44 [poisoned by a kobold brigand]
  4707 | D:3      | 4707 ||| DRINKING 4 potions of curing.
  4707 | D:3      | 4707 ||| (to cure poison)
  4932 | D:3      | 4932 ||| READING 2 scrolls labelled ZEXACI NY HIB.
  4933 | D:3      | 4933 ||| READING scroll labelled LYOMUM VEQATH.
  4934 | D:3      | 4934 ||| DROPPING scroll of poison.
  4947 | D:4      | 4947 ||| STAIRDANCE
  5031 | D:4      | 5031 ||| Stepping ~*~*~tactically~*~*~ (stealth).
  5032 | D:4      | 5032 ||| Stepping ~*~*~tactically~*~*~ (stealth).
  5059 | D:4      | 5059 ||| Stepping ~*~*~tactically~*~*~ (stealth).
  5060 | D:4      | 5060 ||| Stepping ~*~*~tactically~*~*~ (stealth).
  5061 | D:4      | 5061 ||| Stepping ~*~*~tactically~*~*~ (stealth).
  5083 | D:4      | Reached skill level 9 in Axes
  5137 | D:4      | 5137 ||| Stepping ~*~*~tactically~*~*~ (stealth).
  5138 | D:4      | 5138 ||| Stepping ~*~*~tactically~*~*~ (stealth).
  5184 | D:4      | 5184 ||| Stepping ~*~*~tactically~*~*~ (stealth).
  5250 | D:4      | 5250 ||| Stepping ~*~*~tactically~*~*~ (hiding).
  5252 | D:4      | 5252 ||| Stepping ~*~*~tactically~*~*~ (hiding).
  5257 | D:4      | Reached skill level 1 in Throwing
  5269 | D:4      | 5269 ||| Stepping ~*~*~tactically~*~*~ (stealth).
  5365 | D:4      | 5365 ||| Stepping ~*~*~tactically~*~*~ (stealth).
  5366 | D:4      | 5366 ||| Stepping ~*~*~tactically~*~*~ (stealth).
  5532 | D:4      | 5532 ||| UPGRADING to +0 cloak.
  5537 | D:4      | 5537 ||| DROPPING +3 ring mail of the Onion {Drain rElec
                  | rN+ Regen+}.
  5538 | D:4      | 5538 ||| UPGRADING to +0 crystal plate armour.
  5541 | D:4      | XOM: divination: magic mapping
  5548 | D:4      | 5548 ||| DROPPING +0 chain mail of Eternal Vigilance
                  | {Rampage Will+}.
  5564 | D:5      | Entered Level 5 of the Dungeon
  5579 | D:5      | XOM: 1-stop teleportation journey
  5699 | D:5      | Reached XP level 8. HP: 39/61 MP: 8/8
  5710 | D:5      | 5710 ||| Stepping ~*~*~tactically~*~*~ (stealth).
  5760 | D:5      | XOM: summons 7 hostile demons
  5761 | D:5      | Noticed a sun demon
  5761 | D:5      | Noticed a sun demon
  5761 | D:5      | Noticed a hellwing
  5764 | D:5      | HP: 4/62 [sun demon[Xom] (15)]
  5764 | D:5      | Mangled by a sun demon

Levels and vault maps discovered:
D:1:      lemuel_arrival_funnel, layout_rooms,
          hellmonk_ecumenical_altar_heavens_door
D:2:      layout_basic, uniq_natasha, uniq_crazy_yiuf_cottage
D:3:      layout_loops_ring, minitemple
D:4:      lemuel_castle_with_subvaults [lemuel_castle_interior_carwin_2],
          layout_basic, lemuel_round_altar, mainiacjoe_overflow_alcove_1,
          gammafunk_ghost_nasty_kobolds, serial_shops, nicolae_shop_waterfront
D:5:      layout_basic, kennysheep_mini

Skill      XL: |  1  2  3  4  5  6  7 |
---------------+----------------------+-----
Axes           | 4 5 6 8 9 |  9.0
Fighting       | 4 5 |  5.2
Armour         | 3 4 |  4.5
Throwing       | 1 |  1.1
Dodging        | |  1.1

Action                   |  1- 3 |  4- 6 |  7- 9 || total
-------------------------+-------+-------+-------++-------
Melee: Hand axe          |    33 |       |       ||    33
       War axe           |    62 |   147 |    97 ||   306
       Punch             |     1 |     1 |     1 ||     3
       Headbutt          |       |     5 |    13 ||    18
Throw: Boomerang         |       |       |    14 ||    14
Invok: Renounce Religion |     1 |       |       ||     1
  Use: Scroll            |     3 |     3 |     3 ||     9
       Potion            |       |     1 |     1 ||     2
Armor: Leather armour    |    44 |    15 |       ||    59
       Chain mail        |       |    61 |    41 ||   102
       Crystal plate arm |       |       |    15 ||    15
Dodge: Dodged            |    61 |    52 |    30 ||   143

Table legend:
 A = Non-vault XP
 B = Vault XP
 C = Vault XP percentage of total XP
 D = Non-vault monster count
 E = Vault monster count
 F = Vault count percentage of total count
                 A         B        C        D         E       F
            +---------+---------+-------+---------+---------+-------
      Total |     675 |     619 |  47.8 |      72 |      48 |  40.0
            +---------+---------+-------+---------+---------+-------
        D:1 |      66 |       0 |   0.0 |      28 |       0 |   0.0
        D:2 |     112 |      37 |  24.8 |      18 |       1 |   5.3
        D:3 |      44 |       0 |   0.0 |      10 |       0 |   0.0
        D:4 |     269 |     582 |  68.4 |      13 |      47 |  78.3
        D:5 |     184 |       0 |   0.0 |       3 |       0 |   0.0
            +---------+---------+-------+---------+---------+-------
